 Dungeon Crawl Stone Soup version 0.30.0-19-g36f170ea60 (webtiles) character file.

Game seed: 10615418840596769549

3143 meatpath the Fighter (level 9, -1/54 HPs)
             Began as a Gargoyle Fighter on May 26, 2023.
             Was an Elder of Hepliaklqana.
             Slain by a manticore (3 damage)
             ... on level 7 of the Dungeon.
             The game lasted 00:21:35 (6723 turns).

meatpath the Fighter (Gargoyle Fighter)             Turns: 6723, Time: 00:21:36

Health: -1/54      AC: 21    Str: 23    XL:     9   Next: 93%
Magic:  9/9        EV: 11    Int: 10    God:    Hepliaklqana [****..]
Gold:   219        SH:  5    Dex: 15    Spells: 8/8 levels left

rFire   + . .        m - +1 eveningstar
rCold   . . .        c - +0 buckler
rNeg    + . .        b - +0 scale mail
rPois   ∞            A - +2 helmet
rElec   +            (no cloak)
rCorr   .            (no gloves)
SInv    .            a - +2 pair of boots {rF+}
Will    .....        (no amulet) Stlth
                     v - +6 ring of dexterity
HPRegen 0.29/turn    (no ring)
MPRegen 0.11/turn

%: no passive effects
@: spiked, studying Armour
A: reduced essence, sickness immunity, AC +6, negative energy resistance 1,
electricity resistance, torment resistance 1, petrification resistance
a: Renounce Religion, Recall Ancestor, Ancestor Identity, Transference, Idealise


You were on level 7 of the Dungeon.
You worshipped Hepliaklqana.
Hepliaklqana was greatly pleased with you.
You visited 1 branch of the dungeon, and saw 7 of its levels.

You collected 498 gold pieces.
You spent 279 gold pieces at shops.

Inventory:

Hand Weapons
 m - a +1 eveningstar (weapon)
Missiles
 y - a throwing net (quivered)
Armour
 a - a +2 pair of boots of fire resistance (worn)
 b - a +0 scale mail (worn)
 c - a +0 buckler (worn)
 j - a +0 chain mail
 A - a +2 helmet (worn)
Jewellery
 v - a +6 ring of dexterity (left hand)
 w - a ring of ice
Wands
 h - a wand of iceblast (1)
 t - a wand of light (2)
Scrolls
 d - 2 scrolls of amnesia
 e - a scroll of fear
 f - 4 scrolls of teleportation
 i - 3 scrolls of vulnerability
 l - 3 scrolls of immolation
 s - a scroll of noise
 u - 2 scrolls of poison {unknown}
 x - a scroll of blinking {unknown}
 z - 2 scrolls of magic mapping {unknown}
 B - a scroll of enchant armour {unknown}
Potions
 g - a potion of magic {unknown}
 k - 3 potions of curing
 n - 2 potions of heal wounds
 o - 3 potions of brilliance {unknown}
 p - a potion of attraction {unknown}
 q - 2 potions of haste {unknown}
 r - a potion of flight {unknown}


   Skills:
 + Level 9.2 Fighting
 + Level 8.1 Maces & Flails
 - Level 8.0 Armour
 + Level 4.1 Dodging
 - Level 5.0 Shields


You had 8 spell levels left.
You didn't know any spells.
Your spell library contained the following spells:

 Spells                   Type           Power      Damage    Failure   Level
 Apportation              Tloc           0%         N/A       71%         1
 Necrotise                Necr           0%         1d4       71%         1
 Summon Small Mammal      Summ           0%         N/A       71%         1
 Call Canine Familiar     Summ           0%         N/A       97%         3
 Summon Guardian Golem    Hex/Summ       0%         N/A       97%         3
 Dispel Undead            Necr           0%         3d6       100%        4
 Summon Forest            Summ/Tloc      0%         N/A       100%        5
 Death Channel            Necr           0%         N/A       100%        6
 Eringya's Noxious Bog    Tmut/Pois      0%         N/A       100%        6
 Summon Hydra             Summ           0%         N/A       100%        7
 Cigotuvi's Dreadful Rot  Necr/Pois/Air  Unusable   N/A       N/A         2

Dungeon Overview and Level Annotations

Branches:
Dungeon (7/15)             Temple (0/1) D:6

Altars:
Hepliaklqana
Ru
Trog
Vehumet
Xom
The Shining One

Shops:
D:7 *

Annotations:
D:7 2 runed translucent doors


Innate Abilities, Weirdness & Mutations

Your life essence is reduced to manifest your ancestor. (-10% HP)
You are immune to sickness and miasma.
Your stone body is resilient. (AC +6)
You are immune to poison.
You resist negative energy. (rN+)
You are resistant to electric shocks. (rElec)
You are resistant to unholy torment.
You are immune to petrification.


Message History

The manticore easily resists.
The barbs in your skin will harm you if you move.
Continue?
Okay, then.
The manticore flicks its tail.
The volley of spikes hits you!
The barbed spikes become lodged in your body.
The manticore flicks its tail.
The volley of spikes hits you.
The barbed spikes become lodged in your body.
The manticore flicks its tail.
The volley of spikes hits you.
The barbed spikes become lodged in your body.
Sextus points at the manticore and mumbles some strange words.
The manticore easily resists.
You hit the manticore.
The manticore is lightly wounded.
The manticore bites you.
The manticore claws you but does no damage.
The manticore barely misses you.
You sock the manticore!
The manticore is moderately wounded.
You block the manticore's attack. The manticore completely misses you.
The manticore closely misses you.
You sock the manticore!
The manticore is severely wounded.
You block the manticore's attack. x2; The manticore claws you!
You barely miss the manticore.
The manticore is severely wounded.
The manticore barely misses you. You block the manticore's attack.
The manticore claws you but does no damage.
You barely miss the manticore.
The manticore is severely wounded.
The manticore bites you!
* * * LOW HITPOINT WARNING * * *
The manticore closely misses you. The manticore claws you.
* * * LOW HITPOINT WARNING * * *
The manticore bites you!
* * * LOW HITPOINT WARNING * * *
The manticore claws you.
You die...

#...# #..# ##...##.......# #.#.#
##.## := #8...8##.....## ##.#.#
#..# #H ##..~..##.....## .#.#.#
##.###H #8..8..8##...##. .#.#.#
#..##. ##..~.~..##...### .#.#.#
##.##. #8.......8##.##.#
###.#######..#. #..8.8.8..##.##..
.....#.......#H#########'##'##'##
#.##..###.#..##H@R......##.##..#.
...#.## #.#...#########.##.##..#.
##.).# #.#...#####.{#R##...##.#.
.#.#.####.#.#..##.+.T+.##..###.#.
...#......#.##.##.#.o###...#.##.)
.#.#.######.##..#.######.#...##..
.#...# #.###.## #.......##.
.#.#.### #<# #..# ##....##.##.
...#...####.# ##.## #..#..##..##


You could see the friendly Sextus the hexer and 2 manticores.

Vanquished Creatures
  A cyclops (D:7)
  Sigmund (D:2)
  A wraith (D:7)
  A wyvern (D:7)
  2 steam dragons (D:7)
  A water moccasin (D:6)
  An ice beast (D:7)
  A sky beast (D:7)
  An ogre (D:5)
  7 scorpions
  3 howler monkeys (D:7)
  3 hounds
  An orc priest (D:5)
  A gnoll bouda (D:7)
  A sleepcap (D:4)
  Ijyb (D:3)
  3 gnolls (D:4)
  11 adders
  A white imp (D:5)
  An ufetubus (D:5)
  2 worms (D:2)
  4 dart slugs
  15 orcs
  10 bats
  2 endoplasms
  4 giant cockroaches
  11 goblins
  4 hobgoblins
  4 quokkas
  5 ball pythons
  3 frilled lizards
  6 kobolds
  8 rats
121 creatures vanquished.

Vanquished Creatures (collateral kills)
  Grinder (D:4)
  Menkaure (D:5)
  2 ice beasts (D:5)
  2 scorpions
  An orc priest (D:7)
  2 hounds
  3 orcs
  A bat (D:4)
  A giant cockroach (D:4)
  A hobgoblin (D:3)
  A kobold (D:3)
16 creatures vanquished.

Grand Total: 137 creatures vanquished

Notes
Turn   | Place    | Note
-------+----------+-------------------------------------------
     0 | D:1      | meatpath the Gargoyle Fighter began the quest for the Orb.
     0 | D:1      | Reached XP level 1. HP: 14/14 MP: 1/1
    99 | D:1      | Reached XP level 2. HP: 18/19 MP: 2/2
   391 | D:1      | Reached XP level 3. HP: 24/24 MP: 3/3
  1260 | D:2      | Reached skill level 4 in Fighting
  1268 | D:2      | Found a hazy altar of Hepliaklqana.
  1281 | D:2      | Became a worshipper of Hepliaklqana the Forgotten
  1342 | D:2      | Noticed Sigmund
  1354 | D:2      | Killed Sigmund
  1355 | D:2      | Reached XP level 4. HP: 20/30 MP: 4/4
  1355 | D:2      | Reached XP level 5. HP: 23/34 MP: 5/5
  1549 | D:2      | Reached XP level 6. HP: 40/40 MP: 6/6
  1690 | D:2      | Identified a scroll of acquirement
  1691 | D:2      | Acquired a manual of Armour
  1873 | D:3      | Reached skill level 5 in Shields
  1903 | D:3      | Reached skill level 5 in Fighting
  2203 | D:3      | Reached * piety under Hepliaklqana
  2407 | D:3      | Noticed Ijyb
  2425 | D:3      | Killed Ijyb
  2652 | D:4      | Found a bloodstained altar of Trog.
  2667 | D:4      | Found a radiant altar of Vehumet.
  2667 | D:4      | Found a shimmering altar of Xom.
  2791 | D:4      | Noticed Grinder
  2791 | D:4      | Paralysed by Grinder for 2 turns
  2812 | D:4      | Killed Grinder
  2813 | D:4      | Reached skill level 5 in Armour
  2813 | D:4      | Reached XP level 7. HP: 34/40 MP: 7/7
  2852 | D:4      | Reached skill level 6 in Fighting
  2852 | D:4      | Reached skill level 5 in Maces & Flails
  2936 | D:4      | Reached XP level 8. HP: 46/46 MP: 8/8
  3223 | D:4      | Found a glowing golden altar of the Shining One.
  3225 | D:4      | Found a sacrificial altar of Ru.
  3312 | D:4      | Reached ** piety under Hepliaklqana
  3313 | D:4      | Remembered your ancestor Sextus as a hexer
  3809 | D:5      | Entered Level 5 of the Dungeon
  3903 | D:5      | Noticed Menkaure
  3915 | D:5      | Killed Menkaure
  3916 | D:5      | Reached skill level 7 in Fighting
  4327 | D:5      | Reached skill level 1 in Dodging
  4576 | D:5      | Reached *** piety under Hepliaklqana
  4812 | D:6      | Reached XP level 9. HP: 52/52 MP: 9/9
  5325 | D:6      | Found a staircase to the Ecumenical Temple.
  5851 | D:7      | Reached skill level 8 in Fighting
  6143 | D:7      | Found Josijuaj's Fire Supplies.
  6150 | D:7      | Bought a +2 pair of boots of fire resistance for 279 gold
                  | pieces
  6453 | D:7      | Noticed a cyclops
  6502 | D:7      | Killed a cyclops
  6503 | D:7      | Reached skill level 9 in Fighting
  6563 | D:7      | Reached **** piety under Hepliaklqana
  6691 | D:7      | Found a runed translucent door.
  6694 | D:7      | Found a runed translucent door.
  6694 | D:7      | Noticed a troll
  6708 | D:7      | Noticed a manticore
  6708 | D:7      | Noticed a manticore
  6723 | D:7      | HP: 2/54 [manticore (9)]
  6723 | D:7      | Slain by a manticore

Illustrated notes

Levels and vault maps discovered:
D:1:      tarquinn_simple_flora_water_b, layout_loops_cross,
          chequers_serial_rivers_micro_e, minmay_gold_behind_fungi
D:2:      layout_loops_cross, basic_altar, minmay_quantized, uniq_sigmund
D:3:      layout_basic, hex_medium, palyth_stone_intersect,
          amcnicky_mini_pool_small, uniq_ijyb
D:4:      old_forge, layout_basic, nicolae_overflow_hidden_temple,
          serial_curves, eino_curves_01, eino_curves_04, grunt_ministairs_7,
          nicolae_figureground_sparkle, uniq_grinder
D:5:      layout_loops_corners, uniq_menkaure
D:6:      layout_loops_ring, minmay_temple_entry_trees, serial_rivers,
          chequers_serial_rivers_large_a, chequers_serial_rivers_micro_d,
          chequers_serial_rivers_small_b, chequers_serial_rivers_small_b
D:7:      minmay_the_grid_triangle_9x9_rhombus_full
          [minmay_the_grid_triangle_9x9_warning,
          minmay_the_grid_triangle_9x9_empty,
          minmay_the_grid_triangle_9x9_corruption,
          minmay_the_grid_triangle_9x9_wacky_v,
          minmay_the_grid_triangle_9x9_swiss_cheese,
          minmay_the_grid_triangle_9x9_tough_junction,
          minmay_the_grid_triangle_9x9_shrine,
          minmay_the_grid_triangle_9x9_prize_center], layout_loops_ring,
          nicolae_shop_fire_sale [nicolae_sub_dead_trees],
          nicolae_concentric_dashed_squares_wild, kennysheep_cluttered_room,
          serial_bayou_pond_a, serial_park_tiny_2

Skill      XL: |  1  2  3  4  5  6  7  8  9 |
---------------+----------------------------+-----
Shields        | 4 5 |  5.0
Fighting       | 4 5 6 7 9 |  9.2
Maces & Flails | 3 4 5 6 8 |  8.1
Armour         | 5 6 8 |  8.0
Dodging        | 1 4 |  4.1

Action                     |  1- 3 |  4- 6 |  7- 9 || total
---------------------------+-------+-------+-------++-------
  Melee: Flail             |   152 |   171 |   104 ||   427
         Eveningstar       |       |       |    73 ||    73
 Invoke: Ancestor Life: He |       |       |     1 ||     1
    Use: Scroll            |     1 |     6 |     4 ||    11
         Potion            |     1 |     2 |       ||     3
   Stab: Distracted        |       |     1 |     5 ||     6
         Confused          |       |       |     5 ||     5
 Armour: Scale mail        |   101 |    93 |    82 ||   276
  Dodge: Dodged            |    89 |    83 |    69 ||   241
  Block: Buckler           |    30 |    44 |    45 ||   119
